 Dungeon Crawl Stone Soup version 0.29-a0-338-g1ff7896281 (webtiles) character file.

Game seed: 7065654493938836558

5442 spaghetti the Necromancer (level 10, -1/87 HPs)
             Began as a Deep Dwarf Necromancer on Apr 17, 2022.
             Was an Elder of Lugonu.
             Slain by a two-headed ogre
             ... wielding a +0 giant club
              (21 damage)
             ... on level 9 of the Dungeon.
             The game lasted 00:26:10 (9649 turns).

spaghetti the Necromancer (Deep Dwarf Necromancer)  Turns: 9649, Time: 00:26:10

Health: -1/87      AC:  4    Str: 12    XL:     10   Next: 41%
Magic:  1/34 (16)  EV: 14    Int: 20    God:    Lugonu [****..]
Gold:   367        SH:  0    Dex: 13    Spells: 3/16 levels left

rFire   + . .      SeeInvis .   a - +6 hunting sling {sling}
rCold   . . .      Faith    .   (no shield)
rNeg    . . .      Spirit   .   L - +1 robe {rF+}
rPois   .          Reflect  .   U - +0 hat {Stlth+}
rElec   .          Harm     .   (no cloak)
rCorr   .          Rampage  .   (no gloves)
Will    +....                   J - +0 pair of boots
Stlth   +++.......              (no amulet)
HPRegen 0.00/turn               G - ring of magical power
MPRegen 0.24/turn               s - ring of magical power

@: hasted, very quick
A: damage resistance, heal wounds, sense surroundings 2, no regeneration,
screaming 1
a: Heal Wounds, Renounce Religion, Depart the Abyss, Bend Space, Banish, Corrupt


You were on level 9 of the Dungeon.
You worshipped Lugonu.
Lugonu was greatly pleased with you.
You visited 1 branch of the dungeon, and saw 9 of its levels.

You collected 367 gold pieces.


Innate Abilities, Weirdness & Mutations

You are resistant to damage.
You can heal yourself by infusing magical energy.
You passively map the area around you.
You do not regenerate.
You occasionally shout uncontrollably at your foes.


   Skills:
 * Level 4.6 Fighting
 * Level 6.2 Dodging
 - Level 2.4 Stealth
 * Level 3.9 Spellcasting
 + Level 15.1 Necromancy
 + Level 8.5 Invocations


You had 3 spell levels left.
You knew the following spells:

 Your Spells              Type           Power      Damage    Failure   Level
a - Pain                  Necr           100%       1d9       1%          1
b - Vampiric Draining     Necr           59%        2d10      1%          3
c - Animate Dead          Necr           29%        N/A       1%          4
d - Agony                 Necr           59%        N/A       1%          5

Your spell library contained the following spells:

 Spells                   Type           Power      Damage    Failure   Level
 Animate Skeleton         Necr           100%       N/A       1%          1
 Corpse Rot               Necr/Air       68%        N/A       1%          2
 Ensorcelled Hibernation  Hex/Ice        6%         N/A       21%         2
 Passwall                 Tmut/Erth      2%         N/A       21%         2
 Poisonous Vapours        Pois/Air       6%         N/A       21%         2
 Scorch                   Fire           6%         2d5       21%         2
 Swiftness                Air            3%         N/A       36%         3
 Simulacrum               Ice/Necr       17%        N/A       65%         6
 Flame Wave               Conj/Fire      3%         2d4       78%         4
 Hailstorm                Conj/Ice       3%         3d3       78%         4
 Ice Form                 Ice/Tmut       3%         N/A       78%         4
 Summon Cactus Giant      Summ           1%         N/A       100%        6

Inventory:

Hand Weapons
 a - a +6 hunting sling (weapon) {sling}
   (You took it off a goblin on level 2 of the Dungeon)
 b - a +2 vampiric dagger {short}
   (You took it off a goblin on level 2 of the Dungeon)
 c - a +1 short sword of distortion {!wshort}
   (You took it off a kobold brigand on level 8 of the Dungeon)
 d - a +1 whip of distortion {!wmace}
   (You took it off a kobold on level 7 of the Dungeon)
 g - a +2 dagger of speed {short}
   (You took it off an orc wizard on level 9 of the Dungeon)
Missiles
 e - 21 poisoned darts {throwing}
 o - 318 stones {throwing}
 A - a boomerang {throwing}
 O - a throwing net {=f!fthrowing}
 S - a silver boomerang {throwing}
Armour
 J - a +0 pair of boots (worn)
   (You found it on level 4 of the Dungeon)
 L - a +1 robe of fire resistance (worn)
   (You took it off Dowan on level 6 of the Dungeon)
 U - a +0 hat of stealth (worn)
   (You found it on level 7 of the Dungeon)
Jewellery
 n - the brooch of Shielding {Spirit SH+8}
   (You acquired it on level 9 of the Dungeon)

   [amulet of guardian spirit]

   It causes incoming damage to be divided between your reserves of health and
   magic.
   SH:        It affects your SH (+8).
 s - a ring of magical power (right hand)
   (You found it on level 2 of the Dungeon)
 G - a ring of magical power (left hand)
   (You found it on level 4 of the Dungeon)
Wands
 m - a wand of digging (8)
   (You found it on level 5 of the Dungeon)
 r - a wand of iceblast (6)
   (You found it on level 5 of the Dungeon)
 D - a wand of acid (11)
   (You found it on level 4 of the Dungeon)
 F - a wand of flame (13)
   (You found it on level 4 of the Dungeon)
 Y - a wand of mindburst (17)
   (You found it on level 8 of the Dungeon)
Scrolls
 h - 5 scrolls of teleportation {@r4}
 j - a scroll of silence {!r}
 k - 2 scrolls of immolation {!r!r}
 t - a scroll of holy word
 x - 2 scrolls of fog
 y - 3 scrolls of enchant armour
 z - a scroll of brand weapon
 B - a scroll of blinking {unknown}
 E - a scroll of enchant weapon {unknown}
 H - a scroll of summoning {unknown}
 Q - a scroll of amnesia
Potions
 f - 8 potions of curing {@q1}
 i - 2 potions of brilliance {unknown}
 l - a potion of mutation {!q}
 p - 2 potions of lignification {!q}
 q - a potion of haste {@q3}
 u - 2 potions of attraction {!q}
 v - 3 potions of magic
 M - 2 potions of heal wounds {unknown}
 N - a potion of resistance {unknown}
 P - a potion of flight {unknown}
 R - a potion of degeneration {unknown}
 V - a potion of cancellation {unknown}

Dungeon Overview and Level Annotations

Branches:
Dungeon (9/15)             Temple (0/1) D:4
   Lair: D:8-11         Orc: D:9-12

Altars:
Ashenzari
Fedhas
Trog
Yredelemnul
Zin
The Shining One
Beogh
Lugonu

Annotations:
D:3 3 runed translucent doors, zeratav's ghost, amateur OpCj
Abyss:1 Joseph

*, ,..#######
***
........#####
* *,
#.....O...#
,, , * #@# .#
* #.# .# * ,,
* *, #.###.#
* #.###...#.#
#.........# ,
#######.###
** #.# , , *
#.# * , , ###
#.#


You could see a two-headed ogre.


Message History

Could not pick up a +2 dagger of speed {short} here; ([A]lways) ignore it? [Y]es, [N]o, or [A]lways only, please.
Could not pick up a +2 dagger of speed {short} here; ([A]lways) ignore it? [Y]es, [N]o, or [A]lways only, please.
Could not pick up a +2 dagger of speed {short} here; ([A]lways) ignore it? [Y]es, [N]o, or [A]lways only, please.
Could not pick up a +2 dagger of speed {short} here; ([A]lways) ignore it?
Okay, then.
Okay, then.
You drop a +6 ring of strength.
You drop 2 scrolls of noise {!r}.
You drop a +6 ring of strength.
You drop a ring of ice.
You drop a ring of protection from fire.
You drop a ring of ice.
You drop a ring of protection from cold.
As you read the scroll of identify {@r1}, it crumbles to dust.
Q - a scroll of amnesia
As you read the scroll of identify {@r1}, it crumbles to dust.
T - a scroll of acquirement
g - a +2 dagger of speed {short}
Items here: ))) ====== ? [[[.
You can't see any enemies this would affect, really read the scroll of holy word?
Okay, then.
Search for what [Enter for "glov", or ? for help]? shield Search for what [Enter for "shield", or ? for help]? amulet Can't find anything matching that.
Okay, then.
Okay, then.
Something appears at your feet!
n - the brooch of Shielding {Spirit SH+8} You start putting on your amulet.
You continue putting on the brooch of Shielding {Spirit SH+8}. x5
You finish putting on the brooch of Shielding {Spirit SH+8}.
You feel your power drawn to a protective spirit.
Now linked to your health, your magic stops regenerating.
n - the brooch of Shielding (around neck) {Spirit SH+8} Unknown command. 😎 MP[-34]
You lost 34 mp, and now have 0/34 mp.
Unknown command.
Found a stone staircase leading down.
A two-headed ogre comes into view. It is wielding two +0 giant clubs.
A two-headed ogre is nearby!
A two-headed ogre is nearby!
A two-headed ogre is nearby!
You drop a +0 helmet.
The two-headed ogre shouts in stereo!
You start removing your amulet.
You continue taking off the brooch of Shielding {Spirit SH+8}.
The two-headed ogre hits you with a +0 giant club!!
Keep disrobing? [Y]es or [N]o only, please.
Keep disrobing? [Y]es or [N]o only, please.
Keep disrobing? [Y]es or [N]o only, please.
Keep disrobing? [Y]es or [N]o only, please.
Keep disrobing? [Y]es or [N]o only, please.
Keep disrobing?
The two-headed ogre barely misses you.
You continue taking off the brooch of Shielding {Spirit SH+8}.
The two-headed ogre barely misses you. You block the two-headed ogre's attack.
You continue taking off the brooch of Shielding {Spirit SH+8}. x2
The two-headed ogre hits you with a +0 giant club!!
The two-headed ogre hits you with a +0 giant club!
You finish taking off the brooch of Shielding {Spirit SH+8}.
Your magic begins regenerating once more. 😮 HP[-40]
You take 40 damage, and now have 47/87 hp.
MASSIVE DAMAGE!! (PAUSE) Unknown command.
Unknown command.
Fire: a) +6 hunting sling {sling}
Press: ? - help, Q - select action, (/) - cycle Shift-Dir - straight line, f - two-headed ogre
Aim: a two-headed ogre, wielding two +0 giant clubs (77% to hit)
You shoot a sling bullet.
The sling bullet barely misses the two-headed ogre.
The two-headed ogre closely misses you. x2
Fire: a) +6 hunting sling {sling}
Press: ? - help, Q - select action, (/) - cycle Shift-Dir - straight line, f/p - two-headed ogre
Aim: a two-headed ogre, wielding two +0 giant clubs (77% to hit)
You shoot a sling bullet.
The sling bullet barely misses the two-headed ogre.
The two-headed ogre hits you with a +0 giant club!!
* * * LOW HITPOINT WARNING * * *
The two-headed ogre hits you with a +0 giant club!
* * * LOW HITPOINT WARNING * * *
😱 HP[-27]
You take 27 damage, and now have 20/87 hp.
MASSIVE DAMAGE!! (PAUSE)
Okay, then.
Okay, then.
Okay, then.
Okay, then.
You feel yourself speed up. The two-headed ogre barely misses you.
The two-headed ogre hits you with a +0 giant club!!
You die...

Skill      XL: |  1  2  3  4  5  6  7  8  9 10 |
---------------+-------------------------------+-----
Necromancy     | 5 6 14 15 | 15.1
Invocations    | 2 3 4 5 6 7 8 |  8.5
Fighting       | 1 2 4 |  4.6
Dodging        | 3 4 5 6 |  6.2
Spellcasting   | 2 3 |  3.9
Stealth        | |  2.4

Action                   |  1- 3 |  4- 6 |  7- 9 | 10-12 || total
-------------------------+-------+-------+-------+-------++-------
Melee: Mace              |     2 |     2 |       |       ||     4
       Dagger            |       |       |    13 |       ||    13
 Fire: Hunting sling     |       |   101 |   167 |    29 ||   297
 Cast: Pain              |    38 |    29 |     6 |       ||    73
       Vampiric Draining |       |    32 |   109 |    29 ||   170
       Animate Dead      |       |       |     4 |       ||     4
Invok: Banish            |       |       |    10 |       ||    10
Evoke: Wand              |       |       |       |     2 ||     2
  Use: Potion            |       |       |     7 |     1 ||     8
       Scroll            |       |       |     7 |     3 ||    10
Armor: Robe              |     4 |     9 |    26 |     5 ||    44
Dodge: Dodged            |    19 |    28 |   147 |    21 ||   215
Block: Other             |       |       |       |     1 ||     1

Levels and vault maps discovered:
D:1:      roderic_chinese_lattice_arrival, layout_loops_cross,
          hellmonk_ecumenical_altar_blasted, chequers_serial_rivers_micro_a,
          wander_ebering_terrifying_dragon_lair
D:2:      layout_rooms, uniq_jessica, uniq_robin
D:3:      layout_loops_cross, mainiacjoe_overflow_brackets,
          biasface_ghost_orc_armoury
D:4:      layout_cave_pods, minmay_temple_entry_drinking_statues, st_stairs_5,
          minmay_misc_feat_encased, minmay_pentomino_pile
D:5:      layout_loops_ring
D:6:      layout_basic, uniq_sigmund, uniq_duvessa
D:7:      corexii_shantytown, layout_loops_ring, grunt_temple_overflow_open,
          nicolae_figureground_pulse
D:8:      layout_gridville, uniq_joseph
D:9:      layout_loops_corners

Notes
Turn   | Place    | Note
-------+----------+-------------------------------------------
     0 | D:1      | spaghetti the Deep Dwarf Necromancer began the quest for
                  | the Orb.
     0 | D:1      | Reached XP level 1. HP: 15/15 MP: 3/3
     0 | D:1      | magus.rc [v1.9.6]
   259 | D:1      | Found a faded altar of an unknown god.
   270 | D:1      | Prayed at the altar of an unknown god.
   270 | D:1      | Became a worshipper of Lugonu the Unformed
   270 | D:1      | Reached * piety under Lugonu
   270 | D:1      | Reached ** piety under Lugonu
   755 | D:1      | Reached XP level 2. HP: 22/22 MP: 0/4
   882 | D:2      | Reached skill level 5 in Necromancy
   882 | D:2      | Reached skill level 1 in Invocations
   888 | D:1      | Reached skill level 2 in Invocations
   888 | D:1      | Reached XP level 3. HP: 26/28 MP: 0/5
  1087 | D:2      | Noticed Jessica
  1110 | D:2      | Killed Jessica
  1111 | D:2      | Reached skill level 3 in Invocations
  1111 | D:2      | Reached XP level 4. HP: 26/36 MP: 2/6
  1308 | D:2      | Learned a level 3 spell: Vampiric Draining
  1691 | D:2      | Noticed Robin
  1703 | D:2      | Reached skill level 4 in Invocations
  1706 | D:2      | Killed Robin
  1711 | D:2      | Reached *** piety under Lugonu
  2091 | D:3      | Reached XP level 5. HP: 42/42 MP: 8/8
  2321 | D:3      | Found a glowing silver altar of Zin.
  2324 | D:3      | Found a runed translucent gate.
  2324 | D:3      | Found a runed translucent gate.
  2324 | D:3      | Found a runed translucent gate.
  2327 | D:3      | Noticed zeratav's ghost (amateur OpCj)
  2808 | D:4      | Reached skill level 5 in Invocations
  2936 | D:4      | Found a staircase to the Ecumenical Temple.
  2974 | D:4      | Noticed a phantom
  2984 | D:4      | Killed a phantom
  2985 | D:4      | Reached skill level 1 in Fighting
  2985 | D:4      | Reached XP level 6. HP: 26/51 MP: 10/10
  3234 | D:4      | Reached skill level 6 in Necromancy
  3247 | D:4      | Learned a level 4 spell: Animate Dead
  3434 | D:4      | Reached skill level 3 in Dodging
  3436 | D:4      | Reached **** piety under Lugonu
  3443 | D:4      | Reached skill level 6 in Invocations
  4073 | D:5      | Entered Level 5 of the Dungeon
  4078 | D:5      | Reached XP level 7. HP: 46/58 MP: 11/11
  4168 | D:5      | HP: 6/58 [ogre/+0 giant club (22)]
  4171 | D:5      | Identified a potion of experience
  4171 | D:5      | Reached skill level 14 in Necromancy
  4171 | D:5      | Reached XP level 8. HP: 7/67 MP: 12/12
  4175 | D:5      | Reached skill level 2 in Fighting
  4374 | D:5      | HP: 10/67 [something (12)]
  4380 | D:5      | Gained mutation: You occasionally shout uncontrollably at
                  | your foes. [potion of mutation]
  4711 | D:5      | Identified a +2 robe of the Archmagi
  4942 | D:6      | Reached skill level 7 in Invocations
  4984 | D:6      | Reached skill level 4 in Dodging
  5012 | D:6      | You pick up a book of the Tundra and begin reading...
  5012 | D:6      | You add the spells Hailstorm, Ice Form and Simulacrum to
                  | your library.
  5432 | D:6      | Reached skill level 2 in Spellcasting
  5504 | D:6      | Noticed Dowan
  5677 | D:6      | Noticed Sigmund
  5682 | D:6      | Killed Sigmund
  5683 | D:6      | Reached skill level 15 in Necromancy
  5683 | D:6      | Gained mutation: You passively map the area around you.
                  | [Deep Dwarf growth]
  5683 | D:6      | Reached XP level 9. HP: 50/74 MP: 14/14
  5748 | D:6      | Reached skill level 3 in Fighting
  5837 | D:6      | Noticed Duvessa
  5847 | D:6      | Killed Duvessa
  5850 | D:6      | Killed Dowan
  6357 | D:7      | Reached skill level 5 in Dodging
  6360 | D:7      | Reached skill level 8 in Invocations
  6471 | D:7      | You pick up a book of Burglary and begin reading...
  6471 | D:7      | You add the spells Passwall, Ensorcelled Hibernation and
                  | Swiftness to your library.
  6563 | D:7      | Learned a level 5 spell: Agony
  6757 | D:7      | Reached skill level 3 in Spellcasting
  6911 | D:7      | You pick up a book of Scorching and begin reading...
  6911 | D:7      | You add the spells Scorch, Flame Wave and Summon Cactus
                  | Giant to your library.
  6973 | D:7      | Found a broken altar of Ashenzari.
  6974 | D:7      | Found a basalt altar of Yredelemnul.
  6975 | D:7      | Found a glowing golden altar of the Shining One.
  6977 | D:7      | Found a bloodstained altar of Trog.
  6979 | D:7      | Found a blossoming altar of Fedhas.
  7951 | D:8      | Reached skill level 4 in Fighting
  8194 | D:8      | Noticed a two-headed ogre
  8197 | D:8      | Noticed Joseph
  8200 | D:8      | Banished Joseph
  8201 | D:8      | Reached XP level 10. HP: 51/86 MP: 16/16
  8202 | D:8      | Killed a two-headed ogre
  8218 | D:8      | Reached skill level 6 in Dodging
  9034 | D:9      | You pick up a book of Vapours and begin reading...
  9034 | D:9      | You add the spells Poisonous Vapours and Corpse Rot to your
                  | library.
  9358 | D:9      | You pick up a book of Necromancy and begin reading...
  9592 | D:9      | Identified a scroll of acquirement
  9594 | D:9      | Acquired the brooch of Shielding {Spirit SH+8}
  9594 | D:9      | Found the brooch of Shielding {Spirit SH+8}
  9640 | D:9      | Noticed a two-headed ogre
  9648 | D:9      | HP: 20/87 [two-headed ogre/+0 giant club (7)]
  9649 | D:9      | Slain by a two-headed ogre

Vanquished Creatures
  A two-headed ogre (D:8)
  Sigmund (D:6)
  A steam dragon (D:9)
  A water moccasin (D:8)
  Duvessa (D:6)
  3 orc warriors
  3 black bears
  3 ice beasts
  A sky beast (D:6)
  2 centaurs
  An ogre (D:5)
  A phantom (D:4)
  2 kobold brigands
  3 bullfrogs
  A gnoll sergeant (D:7)
  2 scorpions
  Dowan (D:6)
  4 killer bees (D:7)
  7 orc priests
  3 hounds
  4 jellies
  6 iguanas
  Jessica (D:2)
  13 orc wizards
  Robin (D:2)
  7 gnolls (D:7)
  8 adders
  2 shadow imps
  An ufetubus (D:6)
  3 worms
  2 dart slugs
  48 orcs
  7 ball pythons
  7 endoplasms
  4 giant cockroaches
  18 goblins
  12 hobgoblins
  24 kobolds
  2 quokkas
  4 bats
  3 frilled lizards
  4 rats
223 creatures vanquished.

Vanquished Creatures (others)
  2 plants (D:7)
2 creatures vanquished.

Grand Total: 225 creatures vanquished

Table legend:
 A = Non-vault XP
 B = Vault XP
 C = Vault XP percentage of total XP
 D = Non-vault monster count
 E = Vault monster count
 F = Vault count percentage of total count
                 A         B        C        D         E       F
            +---------+---------+-------+---------+---------+-------
      Total |    5847 |    1217 |  17.2 |     180 |      49 |  21.4
            +---------+---------+-------+---------+---------+-------
        D:1 |      40 |       1 |   2.4 |      10 |       1 |   9.1
        D:2 |      63 |      66 |  51.2 |      21 |       9 |  30.0
        D:3 |      55 |       0 |   0.0 |      20 |       0 |   0.0
        D:4 |     336 |     155 |  31.6 |      25 |       4 |  13.8
        D:5 |     529 |       0 |   0.0 |      13 |       0 |   0.0
        D:6 |    1075 |     440 |  29.0 |      13 |       3 |  18.8
        D:7 |    1370 |     116 |   7.8 |      45 |      31 |  40.8
        D:8 |    1628 |     439 |  21.2 |      17 |       1 |   5.6
        D:9 |     751 |       0 |   0.0 |      16 |       0 |   0.0
            +---------+---------+-------+---------+---------+-------

Illustrated notes

Table legend:
 A = Kills in this place as a percentage of kills in entire the game.
 B = Kills by you in this place as a percentage of kills by you in the entire game.
 C = Kills by friends in this place as a percentage of kills by friends in the entire game.
 D = Other kills in this place as a percentage of other kills in the entire game.
 E = Experience gained in this place as a percentage of experience gained in the entire game.
 F = Experience gained in this place divided by the number of levels of this place that you have seen.
                   A       B       C       D       E      F
               +-------+-------+-------+-------+-------+----------------------
         Total | 100.0 | 100.0 |   N/A | 100.0 | 100.0 | 784.9
       Dungeon | 100.0 | 100.0 |   N/A | 100.0 | 100.0 | 784.9
               +-------+-------+-------+-------+-------+----------------------

Table legend: (Time is in decaauts)
 A = Elapsed time spent in this place.
 B = Non-inter-level travel time spent in this place.
 C = Inter-level travel time spent in this place.
 D = Time resting spent in this place.
 E = Time spent auto-exploring this place.
 F = Levels seen in this place.
 G = Mean time per level.
                   A        B        C        D        E       F      G
               +--------+--------+--------+--------+--------+-----+--------+
         Total |   9804 |   9407 |    397 |    818 |   7250 |   9 | 1089.3 |
       Dungeon |   9804 |   9407 |    397 |    818 |   7250 |   9 | 1089.3 |
               +--------+--------+--------+--------+--------+-----+--------+

Top non-repeatable levels by time:
     D:7: 1765 daAuts
     D:4: 1435 daAuts
     D:6: 1214 daAuts
     D:8: 1078 daAuts
     D:1: 1046 daAuts
     D:3: 938 daAuts
     D:5: 824 daAuts
     D:2: 792 daAuts
     D:9: 708 daAuts
